 Dungeon Crawl Stone Soup version 0.15-a0-1439-g2e54579 (console) character file.

78 Sabretooth the Scratcher (level 4, -6/21 HPs)
             Began as a Felid Fighter on June 12, 2014.
             Mangled by an ogre
             ... wielding a cursed -3,-1 giant club
              (18 damage)
             ... on Level 4 of the Dungeon.
             The game lasted 00:07:16 (1480 turns).

Sabretooth the Scratcher (Felid Fighter)            Turns: 1480, Time: 00:07:16

HP  -6/21        AC  1     Str 13      XL: 4   Next: 15%
MP   7/7         EV 25     Int  9      God:
Gold 38          SH  0     Dex 20      Spells:  0 memorised,  3 levels left
Lives: 0, deaths: 1

rFire  . . .     SeeInvis +       - Unarmed
rCold  . . .     Clarity  .     (armour unavailable)
rNeg   . . .     rCorr    .     (shield unavailable)
rPois  .         rRot     .     (helmet unavailable)
rElec  .         Spirit   .     (cloak unavailable)
SustAb .         Warding  .     (gloves unavailable)
rMut   .         Stasis   .     (boots unavailable)
Gourm  .                        (no amulet)
MR     .....                    (no ring)
                                (no ring)

@: agile, quick, not resistant to hostile enchantments, fairly stealthy
A: paw claws, no armour, no weapons or thrown items, fangs 3, see invisible,
carnivore 3, speed 1, shaggy fur 1, slow metabolism 1, jump 1
a: Jump Attack


You were on level 4 of the Dungeon.
You were completely stuffed.

You visited 1 branch of the dungeon, and saw 4 of its levels.

You collected 38 gold pieces.

Inventory:

Magical devices
 c - a wand of random effects (15) {unknown}
Comestibles
 d - a meat ration
 g - a chunk of orc flesh
Scrolls
 b - a scroll of fear
Jewellery
 j - a cursed ring of loudness {unknown}
Potions
 a - a potion of agility
 e - 2 potions of might
 f - a potion of curing {unknown}
 h - a potion of resistance {unknown}
 i - a potion of flight {unknown}


   Skills:
 - Level 3.0 Fighting
 - Level 4.0 Dodging
 + Level 6.3 Unarmed Combat


You had 3 spell levels left.
You didn't know any spells.

Dungeon Overview and Level Annotations

Branches:
Dungeon (4/15)             Temple (0/1) D:4

Altars:
The Shining One


Innate Abilities, Weirdness & Mutations

You cannot wear armour.
You are incapable of wielding weapons or throwing items.
Your paws have sharp claws.
You have razor-sharp teeth.
You have supernaturally acute eyesight.
You are carnivorous and can eat meat at any time.
You cover ground quickly.
You are covered in fur (AC +1).
You have a slow metabolism.
You can jump attack at a short distance.


Message History

i - a black potion A giant cockroach comes into view.
You barely miss the giant cockroach.
The giant cockroach completely misses you.
You claw the giant cockroach!
You kill the giant cockroach!
You see here a giant cockroach corpse.
Found a staircase to the Ecumenical Temple.
Found a granite ring.
An ogre comes into view. It is wielding a giant club.
An adder comes into view.
You see here a granite ring.
j - a granite ring Drink which item? (? for menu, Esc to quit)
You feel agile all of a sudden. The adder completely misses you.
The adder completely misses you. The ogre misses you.
The ogre hits you with a giant club!!
Ouch! That really hurt!
You die...

......#...........#
#.########.##.##.#
#.##.## #.#...#
#.#...# ##.#...#.#
#........#
#...#.##.# ###@###
#SO.# #.>.# #...#
##.## #... ...⌠..
..#...#. #.###.###.


You could see an ogre and an adder.

Vanquished Creatures
  Ijyb (D:2)
  A gnoll (D:1)
  3 adders
  A worm (D:3)
  3 giant geckos
  7 orcs
  A bat skeleton (D:3)
  3 giant cockroaches
  7 hobgoblins
  9 jackals
  A quokka (D:3)
  9 bats
  3 giant newts
  2 goblins
  3 kobolds
  15 rats
69 creatures vanquished.

Notes
Turn   | Place    | Note
--------------------------------------------------------------
     0 | D:1      | Sabretooth, the Felid Fighter, began the quest for the Orb.
     0 | D:1      | Reached XP level 1. HP: 10/10 MP: 2/2
   142 | D:1      | Reached XP level 2. HP: 7/14 MP: 3/3
   360 | D:1      | Reached skill level 5 in Unarmed Combat
   360 | D:1      | Reached XP level 3. HP: 13/17 MP: 5/5
   519 | D:2      | Noticed Ijyb
   545 | D:2      | Killed Ijyb
   731 | D:1      | Reached XP level 4. HP: 12/21 MP: 7/7
  1001 | D:3      | Reached skill level 6 in Unarmed Combat
  1001 | D:3      | HP: 1/21 [poisoned by an adder]
  1005 | D:3      | Succumbed to an adder's poison
  1006 | D:3      | Reached XP level 3. HP: 0/17 MP: 5/5
  1125 | D:3      | Found a glowing golden altar of the Shining One.
  1264 | D:3      | Reached XP level 4. HP: 12/21 MP: 7/7
  1465 | D:4      | Found a staircase to the Ecumenical Temple.
  1469 | D:4      | Noticed an ogre
  1480 | D:4      | Mangled by an ogre

Action                   |  1- 3 |  4- 6 || total
-------------------------+-------+-------++-------
Melee: Unarmed           |   145 |    55 ||   200
  Use: Scroll            |     2 |       ||     2
       Potion            |       |     2 ||     2
 Stab: Sleeping          |     1 |     1 ||     2
